 Dungeon Crawl Stone Soup version 0.30-a0-702-gdf48620a09 (webtiles) character file.

Game seed: 4084658629622126604

646 Fenrisus the Shield-Bearer (level 7, -2/56 HPs)
             Began as a Formicid Fighter on Jan 21, 2023.
             Slain by Duvessa
             ... wielding a +0 rapier
              (14 damage)
             ... on level 5 of the Dungeon.
             The game lasted 00:11:55 (3749 turns).

Fenrisus the Shield-Bearer (Formicid Fighter)       Turns: 3749, Time: 00:11:56

Health: -2/56      AC:  8    Str: 22    XL:     7   Next: 82%
Magic:  0/16       EV:  9    Int:  8    God:
Gold:   149        SH:  6    Dex: 19    Spells: 6/6 levels left

rFire   . . .      SeeInvis +    a - +0 quarterstaff (heavy)
rCold   . . .      Faith    .    c - +0 buckler
rNeg    . . .      Spirit   +    b - +0 scale mail
rPois   .          Reflect  .    (helmet unavailable)
rElec   .          Harm     .    (no cloak)
rCorr   .          Rampage  .    l - +0 pair of gloves
Will    .....                    (no boots) Stlth
                                 i - amulet of guardian spirit
HPRegen 0.29/turn                d - ring of magical power
MPRegen 0.15/turn                q - +6 ring of dexterity

@: no status effects
A: permanent stasis, dig shafts and tunnels, antennae 3, four strong arms
a: Dig, Shaft Self


You were on level 5 of the Dungeon.
You visited 1 branch of the dungeon, and saw 5 of its levels.

You collected 149 gold pieces.

Inventory:

Hand Weapons
 a - a +0 heavy quarterstaff (weapon)
Armour
 b - a +0 scale mail (worn)
 c - a +0 buckler (worn)
 l - a +0 pair of gloves (worn)
Jewellery
 d - a ring of magical power (left hand)
 i - an amulet of guardian spirit (around neck)
 n - a ring of protection from cold
 q - a +6 ring of dexterity (right hand)
 r - a ring of wizardry
Scrolls
 h - 2 scrolls of blinking {unknown}
 m - a scroll of torment
 o - 2 scrolls of immolation
Potions
 e - a potion of haste
 f - a potion of flight
 j - a potion of curing
 k - a potion of berserk rage {unknown}
 p - a potion of lignification
 s - a potion of mutation {unknown}


   Skills:
 + Level 5.4 Fighting
 + Level 4.3 Staves
 + Level 5.4 Armour
 + Level 6.5 Shields


You had 6 spell levels left.
You didn't know any spells.
Your spell library contained the following spells:

 Spells                   Type           Power      Damage    Failure   Level
 Ensorcelled Hibernation  Hex/Ice        0%         N/A       89%         2
 Passwall                 Tmut/Erth      0%         N/A       89%         2
 Sublimation of Blood     Necr           0%         N/A       89%         2
 Petrify                  Tmut/Erth      0%         N/A       100%        4
 Irradiate                Conj/Tmut      0%         3d11      100%        5
 Swiftness                Air            Unusable   N/A       N/A         3

Dungeon Overview and Level Annotations

Branches:
Dungeon (5/15)
 Temple: D:4-7

Altars:
Kikubaaqudgha
Sif Muna
Uskayaw

Shops:
D:3 :

Annotations:
D:5 Duvessa


Innate Abilities, Weirdness & Mutations

You cannot be hasted, slowed, berserked, paralysed or teleported.
You can dig through walls and to a lower floor.
You have a pair of large antennae on your head. (SInv)
Your four strong arms can wield two-handed weapons with a shield.


Message History

You bludgeon Dowan!!
You kill Dowan!
You hear a distant scream of rage.
Things that are here:
a +0 dagger; a +0 robe Duvessa, Sister of Dowan comes into view.
She is wielding a +0 rapier and wearing a +2 ring mail of willpower.
Duvessa goes berserk!
Things that are here:
a +0 dagger; a +0 robe Duvessa rages.
There is a stone staircase leading up here.
As you read the scroll of fog, it crumbles to dust.
The scroll dissolves into smoke.
You hit Duvessa but do no damage. Duvessa barely misses you.
You block Duvessa's attack.
You hit Duvessa but do no damage. Duvessa closely misses you.
You block Duvessa's attack.
You hit Duvessa but do no damage. Duvessa hits you but does no damage. x3
You hit Duvessa but do no damage. Duvessa hits you with a +0 rapier.
Duvessa barely misses you.
You bludgeon Duvessa!!
Duvessa is moderately wounded.
Duvessa hits you with a +0 rapier. Duvessa barely misses you.
You hit Duvessa but do no damage.
Duvessa is moderately wounded.
Duvessa barely misses you. Duvessa hits you with a +0 rapier!
You block Duvessa's attack.
You hit Duvessa.
Duvessa is moderately wounded.
Duvessa hits you but does no damage. Duvessa hits you with a +0 rapier!
You hit Duvessa.
Duvessa is heavily wounded.
Duvessa is no longer moving quickly.
Duvessa hits you with a +0 rapier! Duvessa hits you with a +0 rapier.
Duvessa completely misses you.
You thump Duvessa!
Duvessa is heavily wounded.
Duvessa hits you with a +0 rapier!
* * * LOW HITPOINT WARNING * * *
Duvessa hits you with a +0 rapier!!
You die...

####.# #..#
#....# #..#
#.#######..# #.#
#.....# #.#
#.##.## #.#
#.##§# #.#
#.##§# ##.##
#.##e####
##...###.##@.§§#
#........#####§#
##...##..# #.#
##<###..# #.#
### #..# #.#
#..#####.#
#........#
##.#####.# #.#
#.#


You could see Duvessa (berserk).

Vanquished Creatures
  2 black bears
  Dowan (D:5)
  2 orc priests
  2 iguanas
  Natasha (thrice) (D:4)
  4 orc wizards
  5 adders
  An ufetubus (D:5)
  A worm (D:3)
  3 dart slugs (D:2)
  6 orcs
  6 bats (D:1)
  7 endoplasms
  5 giant cockroaches
  6 hobgoblins
  5 jackals (D:1)
  A quokka (D:2)
  6 ball pythons
  3 frilled lizards
  4 goblins
  4 kobolds
  6 rats
83 creatures vanquished.

Vanquished Creatures (others)
  3 fungi (D:5)
3 creatures vanquished.

Grand Total: 86 creatures vanquished

Notes
Turn   | Place    | Note
-------+----------+-------------------------------------------
     0 | D:1      | Fenrisus the Formicid Fighter began the quest for the Orb.
     0 | D:1      | Reached XP level 1. HP: 18/18 MP: 1/1
   171 | D:1      | Found a faded altar of an unknown god.
   190 | D:1      | Reached XP level 2. HP: 24/24 MP: 2/2
   560 | D:1      | Reached XP level 3. HP: 27/29 MP: 3/3
  1095 | D:1      | Identified a scroll of acquirement
  1095 | D:1      | Acquired an amulet of guardian spirit
  1276 | D:2      | Reached XP level 4. HP: 37/37 MP: 4/4
  1854 | D:3      | Reached skill level 5 in Shields
  1854 | D:3      | Reached XP level 5. HP: 24/42 MP: 0/5
  2002 | D:3      | Found Onumeh's Book Emporium.
  2662 | D:4      | Found an ancient bone altar of Kikubaaqudgha.
  2715 | D:4      | Found a hide-covered altar of Uskayaw.
  2724 | D:4      | Found a shimmering blue altar of Sif Muna.
  2748 | D:4      | Noticed Natasha
  2756 | D:4      | Killed Natasha
  2757 | D:4      | Reached XP level 6. HP: 48/49 MP: 6/6
  2784 | D:4      | Noticed Natasha
  2789 | D:4      | Killed Natasha
  2820 | D:4      | Noticed Natasha
  2823 | D:4      | Killed Natasha
  3087 | D:4      | Noticed a black bear
  3092 | D:4      | Killed a black bear
  3093 | D:4      | Reached skill level 5 in Armour
  3093 | D:4      | Reached skill level 6 in Shields
  3093 | D:4      | Reached XP level 7. HP: 48/55 MP: 7/7
  3477 | D:5      | Entered Level 5 of the Dungeon
  3481 | D:5      | Reached skill level 5 in Fighting
  3715 | D:5      | Noticed Dowan
  3727 | D:5      | Killed Dowan
  3734 | D:5      | Noticed Duvessa
  3749 | D:5      | Slain by Duvessa

Illustrated notes

Levels and vault maps discovered:
D:1:      onia_arrival_mini_maze, layout_basic, ebering_ecumenical_altar_webs
D:2:      layout_basic, nicolae_eternal_life
D:3:      layout_loops_ring, serial_shops, nicolae_shop_stone
D:4:      layout_loops_cross, mainiacjoe_overflow_tiny_flanked,
          mainiacjoe_overflow_swirl, uniq_natasha
D:5:      layout_loops_ring, nicolae_tso_swordbearing_angel,
          kennysheep_minor_cross, kennysheep_nub, uniq_crazy_yiuf_cottage,
          uniq_duvessa, uniq_menkaure

Skill      XL: |  1  2  3  4  5  6  7 |
---------------+----------------------+-----
Fighting       | 4 5 |  5.4
Armour         | 4 5 |  5.4
Staves         | 3 4 |  4.3
Shields        | 5 6 |  6.5

Action                   |  1- 3 |  4- 6 |  7- 9 || total
-------------------------+-------+-------+-------++-------
Melee: Quarterstaff      |   109 |    95 |    35 ||   239
  Use: Scroll            |     8 |     7 |     1 ||    16
       Potion            |       |     3 |       ||     3
Armor: Scale mail        |    65 |    45 |    19 ||   129
Dodge: Dodged            |    58 |    31 |    17 ||   106
Block: Buckler           |    36 |    28 |    14 ||    78

Table legend: (Time is in decaauts)
 A = Elapsed time spent in this place.
 B = Non-inter-level travel time spent in this place.
 C = Inter-level travel time spent in this place.
 D = Time resting spent in this place.
 E = Time spent auto-exploring this place.
 F = Levels seen in this place.
 G = Mean time per level.
                   A        B        C        D        E       F      G
               +--------+--------+--------+--------+--------+-----+--------+
         Total |   3823 |   2850 |    973 |    307 |   1889 |   5 |  764.6 |
       Dungeon |   3823 |   2850 |    973 |    307 |   1889 |   5 |  764.6 |
               +--------+--------+--------+--------+--------+-----+--------+

Top non-repeatable levels by time:
     D:1: 1123 daAuts
     D:4: 989 daAuts
     D:3: 810 daAuts
     D:2: 608 daAuts
     D:5: 291 daAuts
